 Dungeon Crawl Stone Soup version 0.20-a0-556-g892c87b (webtiles) character file.

122022 krabocopter the Warrior (level 16, -1/110 HPs)
             Began as a Gargoyle Fighter on Feb 4, 2017.
             Was the Champion of Okawaru.
             Killed from afar by a smoke demon (5 damage)
             ... with a ball of steam
             ... on level 1 of the Swamp.
             The game lasted 02:13:28 (26786 turns).

krabocopter the Warrior (Gargoyle Fighter)         Turns: 26786, Time: 02:13:28

Health: -1/110     AC: 29    Str: 24    XL:     16   Next: 86%
Magic:  12/14      EV: 14    Int: 15    God:    Okawaru [******]
Gold:   1047       SH: 17    Dex: 14    Spells: 15/15 levels left

rFire    + + +     SeeInvis +   W - +5 eveningstar
rCold    + + +     Gourm    .   I - +4 chain mail {rF+}
rNeg     + + .     Faith    .   x - +3 shield {rC+ rF+}
rPois    ∞         Spirit   .   G - +1 hat {SInv}
rElec    +         Reflect  .   g - +0 cloak
rCorr    .         Harm     .   P - +0 pair of fencer's gloves {+Riposte Dex+3}
MR       +....     Rnd*Tele +   K - +1 pair of boots {Stlth+}
Stlth    ..........             (no amulet)
Regen    0.3/turn               E - ring of positive energy
                                B - ring "Duamagg" {rC+ Int+4 Slay+5}

@: brilliant, flying, very slightly contaminated
A: big wings, clumsy 1, cold resistance 1, deformed body, dopey 1, fire
resistance 1, low mp 1, negative energy resistance 1, screaming 1, electricity
resistance, teleportitis 2, unbreathing, petrification resistance, rot immunity,
AC +11
a: Stop Flying, Heroism, Finesse, Renounce Religion


You were on level 1 of the Swamp.
You worshipped Okawaru.
Okawaru was exalted by your worship.
You were not hungry.

You visited 5 branches of the dungeon, and saw 25 of its levels.
You visited the Abyss 1 time.
You also visited: Ossuary and Ice Cave.

You collected 2711 gold pieces.
You spent 1664 gold pieces at shops.

Inventory:

Hand Weapons
 l - the +5 war axe of Big Damage {chop, Int+5 Dex+3 SInv Stlth+}
   (You found it in an ice cave)

   It inflicts extra damage upon your enemies.
   It affects your intelligence (+5).
   It affects your dexterity (+3).
   It lets you see invisible.
   It makes you more stealthy.
 D - a +1 mace of holy wrath
 W - a +5 eveningstar (weapon)
 X - the +8 shortbow of Fortitude {freeze, +Inv rC+ Dex+2}
   (You found it on level 15 of the Dungeon)

   It causes projectiles fired from it to freeze those they strike, causing
   extra injury to most foes and up to half again as much damage against
   particularly susceptible opponents.
   They can also slow down cold-blooded creatures.
   It affects your dexterity (+2).
   It protects you from cold.
   It lets you turn invisible.
Armour
 a - a +0 pair of gloves of strength
 d - a +1 pair of boots of stealth
 g - a +0 cloak (worn)
 k - the cursed +0 pair of boots of Love and Death {rElec rN+ MR-}
   (You found it on level 1 of the Swamp)

   It insulates you from electricity.
   It protects you from negative energy.
   It affects your resistance to hostile enchantments.
   It has a curse placed upon it.
 w - the +1 ring mail of Hedonism {Dex+3}
   (You bought it in a shop on level 2 of the Orcish Mines)

   It affects your dexterity (+3).
 x - a +3 shield of resistance (worn)
 G - a +1 hat of see invisible (worn)
 I - a +4 chain mail of fire resistance (worn)
 K - a +1 pair of boots of stealth (worn)
 P - the +0 pair of fencer's gloves (worn) {+Riposte Dex+3}
   (You found it on level 10 of the Dungeon)

   It affects your dexterity (+3).
Jewellery
 r - an uncursed ring of fire
 B - the ring "Duamagg" (left hand) {rC+ Int+4 Slay+5}
   (You bought it in a shop on level 2 of the Orcish Mines)

   [ring of intelligence]

   It affects your intelligence (+4).
   It affects your accuracy and damage with ranged weapons and melee attacks
   (+5).
   It protects you from cold.
 E - a ring of positive energy (right hand)
 Z - an uncursed ring of resist corrosion
Wands
 c - a wand of digging (13/24)
 R - a wand of disintegration (6/24)
Scrolls
 e - 4 scrolls of fear
 j - 3 scrolls of fog
 m - 2 scrolls of identify
 n - a scroll of teleportation
 o - 13 scrolls of remove curse
 q - 9 scrolls of recharging
 s - 6 scrolls of magic mapping
 v - 4 scrolls of amnesia
 J - 3 scrolls of blinking
 M - a scroll of enchant armour
 S - a scroll of enchant weapon
 T - a scroll of holy word
 U - 3 scrolls of summoning
 V - 2 scrolls of brand weapon
Potions
 h - 3 potions of brilliance
 i - 5 potions of lignification
 p - 2 potions of mutation
 u - 2 potions of haste
 z - 11 potions of curing
 A - a potion of invisibility
 N - a potion of resistance
 O - 3 potions of ambrosia
 Y - a potion of berserk rage
Books
 b - a book of Party Tricks

   Spells                             Type                      Level
   a - Summon Butterflies             Summoning                    1
   b - Apportation                    Translocation                1
   c - Lesser Beckoning               Translocation                3
   d - Tukima's Dance                 Hexes                        3
   e - Alistair's Intoxication        Transmutation/Poison         5
   f - Invisibility                   Hexes                        6
 t - a book of Flames

   Spells                             Type                      Level
   a - Flame Tongue                   Conjuration/Fire             1
   b - Throw Flame                    Conjuration/Fire             2
   c - Conjure Flame                  Conjuration/Fire             3
   d - Inner Flame                    Hexes/Fire                   3
   e - Sticky Flame                   Conjuration/Fire             4
   f - Fireball                       Conjuration/Fire             5
 y - a book of Enchantments

   Spells                             Type                      Level
   a - Cause Fear                     Hexes                        4
   b - Yara's Violent Unravelling     Hexes/Transmutation          5
   c - Silence                        Hexes/Air                    5
   d - Deflect Missiles               Charms/Air                   6
   e - Discord                        Hexes                        8
 L - a book of Necromancy

   Spells                             Type                      Level
   a - Pain                           Necromancy                   1
   b - Animate Skeleton               Necromancy                   1
   c - Vampiric Draining              Necromancy                   3
   d - Regeneration                   Charms/Necromancy            3
   e - Animate Dead                   Necromancy                   4
   f - Control Undead                 Necromancy                   4
 Q - a book of Changes

   Spells                             Type                      Level
   a - Beastly Appendage              Transmutation                1
   b - Sticks to Snakes               Transmutation                2
   c - Spider Form                    Transmutation/Poison         3
   d - Ice Form                       Ice/Transmutation            4
   e - Blade Hands                    Transmutation                5
Comestibles
 f - 15 bread rations
 C - 11 royal jellies
 F - 4 meat rations
 H - 17 fruits


   Skills:
 + Level 15.9 Fighting
 + Level 15.6 Maces & Flails
 - Level 10.8 Armour
 - Level 10.0 Dodging
 - Level 15.2 Shields


You had 15 spell levels left.
You didn't know any spells.

Dungeon Overview and Level Annotations

Branches:
Dungeon (15/15)            Temple (1/1) D:6            Lair (6/6) D:8
  Swamp (1/4) Lair:2        Snake (0/4) Lair:2        Slime (0/5) Lair:5
    Orc (2/2) D:12            Elf (0/3) Orc:2        Vaults (0/5) D:13
 Depths (0/5) D:15

Altars:
Ashenzari
Cheibriados
Dithmenos
Elyvilon
Fedhas
Gozag
Hepliaklqana
Kikubaaqudgha
Makhleb
Nemelex Xobeh
Okawaru
Qazlal
Ru
Sif Muna
Trog
Uskayaw
Vehumet
Xom
Yredelemnul
Zin
The Shining One
Beogh
Jiyva

Shops:
D:4 :   D:7 [   D:10 [   Orc:2 =[*(=

Annotations:
D:4 book shop
D:6 Blork the orc
Lair:2 exclusion: oklob plant
Lair:4 Sonja
Swamp:1 Louise


Innate Abilities, Weirdness & Mutations

You are resistant to torment.
Your stone body is resilient. (AC +11)
You are immune to poison.
Your large and strong wings let you fly indefinitely.
You resist negative energy. (rN+)
You are resistant to electric shocks. (rElec)
You can survive without breathing.
You are immune to petrification.
You are immune to rotting.
You are clumsy. (Dex -2)
Your flesh is cold resistant. (rC+)
You are dopey. (Int -2)
Your flesh is heat resistant. (rF+)
You occasionally shout uncontrollably at your foes.
[Armour fits poorly on your strangely shaped body.]
[Your magical capacity is low. (-10% MP)]
[You are sometimes teleported next to monsters.]


Message History

Something smites you!
* * * LOW HITPOINT WARNING * * *
You block Louise's attack.
You feel clever all of a sudden.
Louise says, "Need a shortcut to the ORB?
Here, let me help!"
Louise casts a spell at you. You resist with significant effort.
Okay, then.
Unknown command.
Blink to where?
Press: ? - help, Dir - move target cursor
As you read the scroll of blinking, it crumbles to dust.
Blink to where?
Press: ? - help, Dir - move target cursor
As you read the scroll of blinking, it crumbles to dust.
You are suddenly yanked towards some nearby monsters!
Your surroundings suddenly seem different.
The smoke demon gestures at you. The ball of steam hits you! You resist.
You die...

.♣....≈≈....≈...♣♣
♣♣..♣.≈§♣.≈...♣.♣
.♣.♣♣♣≈.§.≈≈≈♣♣≈♣
♣≈♣≈♣.♣.♣≈.≈≈♣♣≈♣♣
♣♣.♣.♣≈..≈.≈.♣.@.♣
♣.♣♣♣....♣≈≈...≈.♣
.♣.♣...≈♣≈≈≈≈^≈≈.♣
♣.♣.≈.≈.♣..≈≈3§≈.♣♣
.♣.♣.≈....≈....§@≈♣
♣.♣.≈≈.♣♣♣≈♣♣♣♣.≈≈♣
.♣....♣♣ ♣♣♣ ♣♣♣.♣
≈♣♣..♣♣ ♣≈♣ ≈♣§≈♣♣
♣.♣ ≈≈§..♣ ♣≈♣
≈≈♣≈.♣ ♣≈♣ ≈≈≈≈.♣
♣♣♣ ♣§≈≈.♣


You could see Louise and a smoke demon.

Vanquished Creatures
  A lich (Abyss:2)
  A tentacled starspawn (Abyss:2)
  A thorn hunter (Swamp:1)
  2 orc warlords
  A stone giant (Orc:2)
  Nessos (Lair:4)
  An ettin (Orc:1)
  2 fire dragons
  Erolcha (D:9)
  7 hydras
  Josephine (Swamp:1)
  The ghost of Goblin1989 the Grappler, a journeyman TrWr of Hepliaklqana (D:10)
  A vault guard (D:13)
  4 centaur warriors
  6 two-headed ogres
  3 alligators (Swamp:1)
  A thrashing horror (Abyss:2)
  4 death yaks (Lair:6)
  Urug (D:11)
  3 orc high priests (Orc:2)
  A wretched star (Abyss:2)
  A skeletal warrior (D:15)
  A spatial maelstrom (Abyss:2)
  A flayed ghost (D:15)
  2 unseen horrors
  A swamp dragon (Lair:6)
  4 large abominations (Abyss:2)
  A shadow dragon zombie (D:15)
  A deep elf mage (Abyss:2)
  3 necromancers
  4 wizards (D:13)
  5 orc knights
  4 orc sorcerers
  2 wolf spiders (Lair:6)
  A manticore (D:14)
  7 cyclopes
  15 ugly things
  An iron dragon skeleton (D:15)
  4 ice statues (IceCv)
  A torpor snail (Lair:5)
  11 black mambas
  A guardian serpent (Lair:6)
  19 spiny frogs
  A rust devil (Abyss:2)
  3 orange demons (D:15)
  A yaktaur zombie (D:15)
  4 gargoyles
  2 rime drakes (Lair:6)
  A guardian mummy (D:15)
  8 komodo dragons
  A yaktaur (D:13)
  10 ice devils
  2 tengu conjurers
  A kobold demonologist (D:14)
  2 red devils (D:15)
  4 hornets
  8 trolls
  2 tyrant leeches (Swamp:1)
  A polar bear (Lair:5)
  17 blink frogs
  A raiju (Abyss:2)
  A bog body (Swamp:1)
  5 slime creatures (Swamp:1)
  A spriggan zombie (D:15)
  9 hippogriffs
  Sigmund (D:2)
  9 wyverns
  5 wraiths (Swamp:1)
  A ynoxinul (Abyss:2)
  47 yaks
  A redback (Lair:6)
  2 hogs (Swamp:1)
  A hungry ghost (D:15)
  18 humans (D:13)
  2 basilisks
  3 steam dragons
  7 vampire mosquitoes
  2 swamp worms (Swamp:1)
  Edmund (D:6)
  6 wargs
  2 acid dragons
  34 water moccasins
  9 porcupines
  6 ice beasts
  3 sky beasts
  42 orc warriors
  3 swamp drakes
  3 black bears
  A necrophage (D:11)
  3 phantoms
  5 wolves (Lair:2)
  14 ogres
  15 centaurs
  11 crocodiles
  6 small abominations (Abyss:2)
  17 bullfrogs
  A big kobold (D:9)
  A water moccasin zombie (D:8)
  11 scorpions
  A wyvern skeleton (D:11)
  4 killer bees (D:12)
  5 howler monkeys
  4 electric eels
  A bullfrog zombie (D:5)
  5 crimson imps
  2 centaur zombies (Ossuary)
  2 quasits
  5 starcursed masses (Abyss:2)
  3 draconian simulacra (IceCv)
  2 human zombies (Ossuary)
  6 hounds
  6 jellies
  20 orc priests
  A bullfrog skeleton (D:8)
  3 centaur skeletons
  22 orc wizards
  9 worker ants
  6 iguanas
  2 troll simulacra
  2 centaur simulacra (IceCv)
  4 big kobold zombies (Ossuary)
  2 hound zombies (D:5)
  3 mummies (Ossuary)
  A worker ant zombie (D:10)
  2 howler monkey skeletons
  A scorpion zombie (Ossuary)
  22 adders
  3 naga simulacra (IceCv)
  An ogre simulacrum (IceCv)
  2 shadow imps
  An ufetubus (Abyss:2)
  4 oozes
  An adder zombie (D:5)
  2 worms
  A dart slug (D:1)
  5 leopard geckos
  75 orcs
  7 giant cockroaches
  3 gnoll zombies (Ossuary)
  5 goblins
  7 hobgoblins
  5 jackals
  10 kobolds
  7 quokkas
  A ball python (D:2)
  A ball python zombie (D:5)
  14 bats
  10 frilled lizards
  3 goblin zombies (Ossuary)
  A hobgoblin zombie (Ossuary)
  5 kobold zombies (Ossuary)
  A leopard gecko zombie (D:6)
  An orc zombie (Ossuary)
  A quokka skeleton (D:8)
  A quokka zombie (D:5)
  7 rats
  3 briar patches (Swamp:1)
  A fungus (Orc:1)
847 creatures vanquished.

Vanquished Creatures (others)
  Kirke (Swamp:1)
  A cyclops (D:12)
  A rime drake (Lair:6)
  5 humans (Swamp:1)
  An orc priest (D:13)
  A tengu skeleton (Abyss:2)
  An orc zombie (Ossuary)
  3 briar patches (Swamp:1)
  21 fungi
  30 plants (Lair:6)
  21 starspawn tentacles (Abyss:2)
86 creatures vanquished.

Grand Total: 933 creatures vanquished

Notes
Turn   | Place    | Note
-------+----------+-------------------------------------------
     0 | D:1      | krabocopter the Gargoyle Fighter began the quest for the Orb.
     0 | D:1      | Reached XP level 1. HP: 14/14 MP: 1/1
   164 | D:1      | Reached XP level 2. HP: 16/19 MP: 2/2
   432 | D:1      | Reached XP level 3. HP: 23/23 MP: 3/3
  1161 | D:2      | Reached XP level 4. HP: 29/29 MP: 4/4
  1166 | D:2      | Noticed Sigmund
  1184 | D:2      | Killed Sigmund
  1184 | D:2      | Reached skill level 5 in Maces & Flails
  1184 | D:2      | Reached XP level 5. HP: 11/34 MP: 5/5
  1394 | D:2      | Found a radiant altar of Vehumet.
  1538 | D:2      | Reached XP level 6. HP: 40/40 MP: 6/6
  1789 | D:3      | Reached skill level 5 in Fighting
  2189 | D:3      | Found a shattered altar of Ashenzari.
  2697 | D:4      | Reached XP level 7. HP: 33/45 MP: 7/7
  2999 | D:4      | Found a shadowy altar of Dithmenos.
  3031 | D:4      | Found a sparkling altar of Nemelex Xobeh.
  3077 | D:4      | Found a sand-covered staircase.
  3082 | Ossuary  | Entered an ossuary
  3247 | Ossuary  | Reached XP level 8. HP: 34/52 MP: 8/8
  3850 | D:4      | Found Reol's Book Emporium.
  3998 | D:5      | Entered Level 5 of the Dungeon
  4009 | D:5      | Found a snail-covered altar of Cheibriados.
  4519 | D:5      | Found a blossoming altar of Fedhas.
  4540 | D:5      | Found a stormy altar of Qazlal.
  4613 | D:5      | Reached XP level 9. HP: 56/58 MP: 9/9
  5246 | D:6      | Found a bloodstained altar of Trog.
  5316 | D:6      | Reached skill level 10 in Maces & Flails
  5338 | D:6      | Noticed Edmund
  5339 | D:6      | Noticed Blork the orc
  5380 | D:6      | Killed Edmund
  5526 | D:6      | Found a snail-covered altar of Cheibriados.
  5549 | D:6      | Found a staircase to the Ecumenical Temple.
  5555 | Temple   | Entered the Ecumenical Temple
  5643 | Temple   | Became a worshipper of Warmaster Okawaru
  5952 | D:7      | Reached * piety under Okawaru
  6088 | D:7      | Found a shimmering altar of Xom.
  6161 | D:7      | Found an opulent altar of Gozag.
  6507 | D:7      | Found Waimneps's Antique Armour Emporium.
  6650 | D:8      | Noticed a hornet
  6655 | D:8      | Killed a hornet
  6776 | D:8      | Reached skill level 5 in Armour
  6776 | D:8      | Reached XP level 10. HP: 61/66 MP: 10/10
  6790 | D:8      | Reached ** piety under Okawaru
  6858 | D:8      | Noticed a two-headed ogre
  7208 | D:8      | Noticed a two-headed ogre
  7228 | D:8      | Killed a two-headed ogre
  7228 | D:8      | Reached skill level 10 in Fighting
  7353 | D:8      | Found a glowing golden altar of the Shining One.
  7370 | D:8      | Found a staircase to the Lair.
  7380 | D:8      | Killed a two-headed ogre
  7380 | D:8      | Reached *** piety under Okawaru
  7563 | D:9      | Reached skill level 1 in Dodging
  7689 | D:9      | Noticed Erolcha
  7702 | D:9      | Killed Erolcha
  7702 | D:9      | Reached **** piety under Okawaru
  7702 | D:9      | Reached XP level 11. HP: 61/73 MP: 8/11
  7756 | D:9      | Noticed a two-headed ogre
  7766 | D:9      | Killed a two-headed ogre
  7915 | D:9      | Found a white marble altar of Elyvilon.
  8005 | D:9      | Reached skill level 5 in Dodging
  8063 | D:9      | Found a shimmering altar of Xom.
  8064 | D:9      | Found a burning altar of Makhleb.
  8207 | D:10     | Entered Level 10 of the Dungeon
  8318 | D:10     | Noticed Goblin1989's ghost (journeyman TrWr)
  8355 | D:10     | Killed Goblin1989's ghost
  8456 | D:10     | Found Duajee's Antique Armour Emporium.
  8463 | D:10     | Bought a glowing cloak for 357 gold pieces
  8898 | D:11     | Reached ***** piety under Okawaru
  9082 | D:11     | Killed an unseen horror
  9862 | D:11     | Noticed Urug
  9877 | D:11     | Killed Urug
  9877 | D:11     | Reached XP level 12. HP: 49/80 MP: 12/12
 10156 | D:11     | Reached ****** piety under Okawaru
 10297 | D:11     | Reached skill level 5 in Shields
 10384 | D:11     | Noticed a two-headed ogre
 10399 | D:11     | Killed a two-headed ogre
 10530 | D:11     | Received a gift from Okawaru
 10676 | Lair:1   | Entered Level 1 of the Lair of Beasts
 11353 | Lair:1   | Gained mutation: Your flesh is cold resistant. (rC+) [potion of beneficial mutation]
 11718 | Lair:2   | Found a staircase to the Snake Pit.
 12179 | Lair:2   | Found a staircase to the Swamp.
 13147 | Lair:4   | Reached XP level 13. HP: 77/84 MP: 13/13
 13176 | Lair:4   | Got a translucent long sword
 13177 | Lair:4   | Identified the cursed +1 long sword of Ryugh {speed, Dex+4} (You found it on level 4 of the Lair of Beasts)
 13224 | Lair:4   | Noticed Nessos
 13235 | Lair:4   | Killed Nessos
 13235 | Lair:4   | Received a gift from Okawaru
 13235 | Lair:4   | Reached skill level 10 in Shields
 13519 | Lair:4   | Noticed Sonja
 14141 | Lair:5   | Found a runed door.
 14142 | Lair:5   | Found a viscous altar of Jiyva.
 14146 | Lair:5   | Found a staircase to the Slime Pits.
 14348 | Lair:5   | Found a runed door.
 14683 | Lair:5   | Received a gift from Okawaru
 15050 | Lair:6   | Entered Level 6 of the Lair of Beasts
 16006 | Lair:6   | Gained mutation: Your large and strong wings let you fly indefinitely. [Gargoyle growth]
 16006 | Lair:6   | Reached XP level 14. HP: 70/90 MP: 14/14
 16061 | Lair:6   | Received a gift from Okawaru
 17358 | Lair:6   | Got a steaming hat
 17369 | Lair:6   | Identified the +3 hat of Nitig {rCorr} (You found it on level 6 of the Lair of Beasts)
 17835 | D:12     | Received a gift from Okawaru
 18065 | D:12     | Reached skill level 10 in Dodging
 18418 | D:12     | Found a staircase to the Orcish Mines.
 18723 | Orc:1    | Entered Level 1 of the Orcish Mines
 18762 | Orc:1    | Found a roughly hewn altar of Beogh.
 18775 | Orc:1    | Noticed an orc warlord
 18914 | Orc:1    | Reached skill level 15 in Shields
 18925 | Orc:1    | Killed an orc warlord
 19850 | Orc:2    | Entered Level 2 of the Orcish Mines
 19855 | Orc:2    | Found a staircase to the Elven Halls.
 20043 | Orc:2    | Found Riqempech's Jewellery Emporium.
 20068 | Orc:1    | Reached XP level 15. HP: 79/96 MP: 15/15
 20309 | Orc:2    | Paralysed by an orc sorcerer for 6 turns
 20342 | Orc:2    | Found Quiw's General Store.
 20366 | Orc:2    | Paralysed by an orc sorcerer for 7 turns
 20939 | Orc:2    | Reached skill level 10 in Armour
 20950 | Orc:2    | Gained mutation: You are clumsy. (Dex -2) [a neqoxec]
 20951 | Orc:2    | Gained mutation: You are dopey. (Int -2) [a neqoxec]
 20954 | Orc:2    | Gained mutation: You occasionally shout uncontrollably at your foes. [a neqoxec]
 20965 | Orc:2    | Received a gift from Okawaru
 21229 | Orc:2    | Noticed an orc warlord
 21257 | Orc:2    | Killed an orc warlord
 21423 | Orc:2    | Found Oxisti's Antique Armour Emporium.
 21431 | Orc:2    | Bought a heavily runed ring mail for 315 gold pieces
 21431 | Orc:2    | Identified the +1 ring mail of Hedonism {Dex+3} (You bought it in a shop on level 2 of the Orcish Mines)
 21474 | Orc:2    | Found Zitzukau's Jewellery Emporium.
 21501 | Orc:2    | Bought the ring "Duamagg" {rC+ Int+4 Slay+5} for 992 gold pieces
 21592 | Orc:2    | Found Waimafamm's Antique Weapon Shop.
 22058 | D:13     | Found a frozen archway.
 22079 | IceCv    | Entered an ice cave
 22363 | IceCv    | Got a translucent war axe
 22364 | IceCv    | Identified the +5 war axe of Big Damage {chop, Int+5 Dex+3 SInv Stlth+} (You found it in an ice cave)
 22472 | D:13     | Received a gift from Okawaru
 23000 | D:13     | Found a gate to the Vaults.
 23556 | D:14     | Reached XP level 16. HP: 98/106 MP: 16/16
 23649 | D:14     | Gained mutation: Your flesh is heat resistant. (rF+) [mutagenic meat]
 23889 | D:15     | Entered Level 15 of the Dungeon
 23998 | D:15     | Found a staircase to the Depths.
 24004 | D:15     | Received a gift from Okawaru
 24355 | D:15     | Got a fine shortbow
 24362 | D:15     | Identified the +8 shortbow of Fortitude {freeze, +Inv rC+ Dex+2} (You found it on level 15 of the Dungeon)
 24554 | D:15     | Found a white marble altar of Elyvilon.
 25071 | Swamp:1  | Entered Level 1 of the Swamp
 25076 | Swamp:1  | Got an ichor-stained long sword
 25077 | Swamp:1  | Identified the cursed +3 long sword of the Crawling Thing {slice, Str+2} (You found it on level 1 of the Swamp)
 25134 | Swamp:1  | Noticed Kirke
 25160 | Swamp:1  | Killed Kirke
 25160 | Swamp:1  | Reached skill level 15 in Fighting
 25165 | Swamp:1  | Reached skill level 15 in Maces & Flails
 25321 | Swamp:1  | Noticed Josephine
 25333 | Swamp:1  | Killed Josephine
 25340 | Swamp:1  | Noticed a thorn hunter
 25369 | Swamp:1  | Killed a thorn hunter
 25713 | Swamp:1  | Noticed Louise
 25721 | Swamp:1  | Got a pair of dazzling boots
 25723 | Swamp:1  | Identified the cursed +0 pair of boots of Love and Death {rElec rN+ MR-} (You found it on level 1 of the Swamp)
 25762 | Swamp:1  | Cast into level 2 of the Abyss (Louise)
 25926 | Abyss:2  | Noticed a tentacled starspawn
 25951 | Abyss:2  | Found a deep blue altar of Sif Muna.
 26032 | Abyss:2  | Found a shimmering altar of Xom.
 26145 | Abyss:2  | Received a gift from Okawaru
 26171 | Abyss:2  | Noticed a daeva
 26332 | Abyss:2  | Noticed a lich
 26343 | Abyss:2  | Killed a lich
 26371 | Abyss:2  | Noticed a tentacled starspawn
 26456 | Abyss:2  | Paralysed by you for 3 turns
 26506 | Abyss:2  | Killed a tentacled starspawn
 26776 | Swamp:1  | Escaped the Abyss
 26781 | Swamp:1  | HP: 3/110 [smoke demon/divine providence (11)]
 26786 | Swamp:1  | Killed from afar by a smoke demon

Vault maps used:
D:1:      matt_arrival_diagonals
D:2:      lemuel_doored_altar, st_stairs_4, uniq_sigmund
D:3:      cheibrodos_ashenzari_chains
D:4:      nemelex_xobeh_ov_fountains_minmay, lemuel_coloured_pillars_altar,
          enter_ossuary_2, serial_shops, nicolae_shop_trees,
          kennysheep_cluttered_room
D:5:      grunt_temple_overflow_forces_of_nature, first_bread, basic_altar,
          kennysheep_generic_room_14
D:6:      slow_altar_2, trog_ov_bears_minmay,
          minmay_temple_entry_enclosed_plants, uniq_blork_the_orc, uniq_edmund
D:7:      nicolae_gozag_cash_rules_everything_around_me, serial_shops, shop,
          basic_altar
D:8:      lair_entry_dummy, basic_altar
D:9:      grunt_temple_overflow_champion_of_chaos, basic_altar, uniq_erolcha
D:10:     serial_shops, nicolae_shop_behind_doors
D:11:     grunt_tengu_nest, uniq_urug
D:12:     hiddenorc1_lemuel, minmay_misc_feat_five
D:13:     grunt_vaults_entry_tiered, portal_ice_cave_demonic_guard
D:14:     minmay_misc_feat_tower
D:15:     gammafunk_depths_entry_grave, elyvilon_altar_3,
          minmay_beelzebubs_servants
Temple:   eino_temple_lava
Lair:1:   statuecave_lemuel, cheibrodos_lair_caveside_slide, grunt_megastairs_4
Lair:2:   swamp_mist, minmay_snake_entry_six_corridors, beast_lair_carwin_8,
          minmay_lair_oklob_chamber, infiniplex_staircase_pool_2
Lair:4:   uniq_sonja, uniq_nessos
Lair:5:   slime_altar_2, pf_torpor_hydra, lemuel_fruit_tree,
          infiniplex_staircase_pool, grunt_megastairs_3
Lair:6:   guppyfry_lair_end_dragon, hangedman_lair_tendril_chambers
Swamp:1:  nicolae_swamp_dense_foliage, uniq_louise, uniq_aizul, uniq_josephine,
          uniq_kirke
Orc:1:    basic_altar, nicolae_orc_damp_corner
Orc:2:    grunt_orc_gardens, grunt_orc_garden, grunt_orc_garden,
          grunt_orc_garden, grunt_orc_garden, serial_shops, nicolae_shop_stone
Ossuary:  ossuary_minmay_scorpions
IceCv:    ice_cave_tombish

Skill      XL: |  1  2  3  4  5  6  7  8  9 10 11 12 13 14 15 16 |
---------------+-------------------------------------------------+-----
Maces & Flails | 3 5 6 7 9 10 11 13 14 15 | 15.6
Fighting       | 4 5 6 7 9 10 11 14 15 | 15.9
Armour         | 5 8 9 10 | 10.8
Dodging        | 3 7 8 10 | 10.0
Shields        | 9 13 15 | 15.2

Action                   |  1- 3 |  4- 6 |  7- 9 | 10-12 | 13-15 | 16-18 || total
-------------------------+-------+-------+-------+-------+-------+-------++-------
Melee: Flail             |   126 |   129 |   270 |       |       |       ||   525
       Mace              |       |       |   231 |       |       |       ||   231
       Dire flail        |       |       |   104 |   351 |       |       ||   455
       Eveningstar       |       |       |       |   266 |  1392 |   475 ||  2133
Invok: Heroism           |       |       |       |     2 |    13 |     3 ||    18
 Abil: Fly               |       |       |       |       |     1 |       ||     1
Evoke: Wand              |       |       |       |       |     2 |       ||     2
  Use: Scroll            |     2 |       |     9 |     8 |    19 |    12 ||    50
       Potion            |       |     1 |     1 |     1 |     5 |     5 ||    13
 Stab: Sleeping          |       |       |     1 |     9 |     6 |       ||    16
       Distracted        |       |       |       |     1 |     1 |       ||     2
       Confused          |       |       |       |       |     3 |       ||     3
  Eat: Chunk             |     1 |     5 |     8 |    21 |    32 |     8 ||    75
       Meat ration       |       |       |     1 |       |       |     1 ||     2
       Fruit             |       |       |     1 |       |     4 |       ||     5
Armor: Scale mail        |    71 |    75 |   265 |       |       |       ||   411
       Leather armour    |       |       |    19 |   194 |       |       ||   213
       Steam dragon scal |       |       |       |    34 |   274 |       ||   308
       Ring mail         |       |       |       |       |     9 |    51 ||    60
       Chain mail        |       |       |       |       |       |   121 ||   121
Dodge: Dodged            |    39 |    42 |   150 |   280 |   578 |   179 ||  1268
Block: Shield            |    66 |    63 |   180 |   131 |  1111 |   368 ||  1919
       Reflection        |       |       |       |       |    24 |       ||    24
       Rpst.: Dire flail |       |       |       |    25 |       |       ||    25
       Eveningstar       |       |       |       |    29 |   138 |    46 ||   213
